Map: Triton LE

Players

Solar

  • Race: Zerg Zerg
  • Spawn Location: 11:00

Dark - Winner!

  • Race: Zerg Zerg
  • Spawn Location: 5:00

Event: IEM Katowice 2020

VOD

Have the link to the VOD?

Description

Time

  • Played on: Feb. 29, 2020, 7:27 a.m.
  • Length: 14:09

All games in this series

Show
View Real Time Build Order
Export as new Build Order

Solar Zerg 

Build Orders: Hatch First, Lurkers, Roach Hydra 

Get SALT Encoding   

  12  0:01  Drone  
  13  0:12  Overlord  
  13  0:16  Drone  
  14  0:30  Drone x2  
  16  0:47  Hatchery  
  15  0:50  Drone  
  15  0:54  Drone  
  17  0:57  Drone  
  18  1:09  Extractor  
  17  1:12  Spawning Pool  
  17  1:15  Drone  
  17  1:20  Drone  
  18  1:28  Drone  
  19  1:39  Drone  
  20  1:48  Overlord  
  20  1:59  Queen x2  
  20  2:00  Drone x2  
  26  2:10  Drone  
  26  2:11  Drone, Metabolic Boost  
  28  2:20  Zergling x2  
  28  2:22  Drone  
  30  2:33  Hatchery  
  30  2:36  Drone x2  
  31  2:43  Queen  
  33  2:51  Baneling Nest  
  32  2:52  Overlord  
  32  2:55  Drone  
  32  2:57  Drone  
  34  3:00  Drone  
  34  3:04  Zergling x2  
  36  3:11  Drone x4  
  40  3:13  Zergling x2  
  40  3:14  Zergling x2  
  40  3:17  Zergling x2  
  43  3:22  Evolution Chamber  
  43  3:24  Overlord  
  42  3:27  Drone  
  42  3:35  Drone  
  42  3:37  Baneling  
  43  3:43  Zergling x6  
  43  3:45  Drone x3  
  49  3:50  Overlord, Zerg Missile Weapons Level 1  
  49  3:52  Drone x2  
  49  3:54  Drone  
  52  3:56  Drone  
  52  3:57  Drone  
  52  4:00  Drone  
  55  4:06  Drone  
  55  4:09  Drone  
  57  4:13  Lair  
  57  4:14  Drone  
  57  4:16  Roach Warren  
  56  4:17  Zergling x4  
  56  4:18  Drone  
  56  4:22  Extractor  
  56  4:23  Extractor, Overlord  
  57  4:24  Drone  
  57  4:26  Drone  
  57  4:27  Drone  
  57  4:30  Drone x2  
  62  4:32  Drone  
  62  4:33  Drone  
  62  4:35  Drone  
  62  4:37  Overlord  
  65  4:38  Drone  
  65  4:45  Drone x2  
  68  4:48  Extractor, Drone x3  
  68  4:50  Extractor  
  68  4:51  Overlord  
  69  4:54  Drone  
  69  4:55  Drone x3  
  69  4:57  Overlord  
  69  4:58  Drone  
  73  5:03  Drone  
  73  5:04  Drone  
  75  5:08  Drone  
  75  5:09  Drone x3  
  77  5:14  Glial Reconstitution  
  77  5:15  Extractor, Overseer  
  77  5:18  Roach x3  
  82  5:22  Zergling x4  
  82  5:23  Overlord  
  82  5:27  Drone x4  
  87  5:33  Overlord  
  87  5:34  Pneumatized Carapace  
  87  5:35  Overseer  
  87  5:37  Drone x2  
  87  5:41  Drone  
  90  5:45  Evolution Chamber, Overlord  
  89  5:51  Roach x4  
  89  5:52  Overlord  
  89  5:54  Overlord  
  89  5:56  Drone  
  98  6:02  Hatchery  
  98  6:03  Roach  
  98  6:04  Roach x4  
  107  6:06  Overlord  
  107  6:12  Hydralisk Den  
  107  6:13  Roach x4  
  114  6:20  Overlord  
  114  6:22  Overlord  
  114  6:24  Drone x4  
  118  6:30  Baneling, Overlord  
  118  6:39  Spore Crawler  
  117  6:43  Spore Crawler x2, Drone  
  117  6:44  Drone, Infestation Pit  
  117  6:45  Grooved Spines  
  117  6:46  Spore Crawler  
  115  6:47  Hydralisk x3  
  115  6:48  Hydralisk x2  
  115  6:51  Hydralisk  
  127  6:54  Queen  
  127  6:57  Queen  
  127  6:59  Hydralisk  
  133  7:03  Hydralisk  
  135  7:12  Overlord  
  135  7:13  Hydralisk x4  
  135  7:14  Overlord  
  143  7:17  Overlord  
  143  7:19  Overlord  
  145  7:24  Extractor  
  145  7:26  Queen, Overlord  
  145  7:29  Overlord  
  144  7:30  Overlord  
  144  7:31  Overlord  
  144  7:36  Drone  
  144  7:37  Drone x3  
  148  7:38  Drone  
  148  7:39  Spore Crawler  
  148  7:40  Drone  
  148  7:41  Drone  
  148  7:42  Drone  
  148  7:43  Lurker Den  
  150  7:46  Drone  
  150  7:47  Infestor x2  
  150  7:51  Spore Crawler, Drone  
  156  7:55  Hydralisk x2  
  158  8:01  Hydralisk x2  
  158  8:02  Hydralisk  
  164  8:06  Spore Crawler  
  164  8:07  Spore Crawler  
  164  8:10  Hive  
  162  8:15  Queen x2  
  166  8:22  Hydralisk  
  166  8:23  Hydralisk, Muscular Augments  
  170  8:29  Roach x4  
  170  8:31  Roach  
  170  8:34  Roach x2  
  182  8:35  Roach  
  182  8:38  Roach  
  182  8:39  Roach  
  185  8:43  Lurker x4  
  185  8:47  Roach  
  185  8:48  Roach x2  
  184  8:51  Roach  
  184  8:54  Hydralisk  
  183  8:56  Lurker  
  183  8:57  Hydralisk x5  
  183  8:59  Overlord  
  184  9:07  Spore Crawler, Extractor, Queen  
  184  9:08  Overlord  
  184  9:11  Overlord  
  184  9:13  Overlord  
  181  9:19  Lurker x4  
  181  9:20  Lurker  
  181  9:22  Drone x3  
  181  9:23  Drone, Hydralisk x5  
  159  9:29  Hydralisk x2  
  159  9:30  Hydralisk  
  165  9:32  Hydralisk  
  165  9:35  Drone x2  
  169  9:40  Viper  
  169  9:43  Drone x2  
  169  9:44  Drone x2  
  176  9:47  Drone  
  177  9:53  Viper  
  177  9:57  Drone x3  
  183  10:02  Drone x4  
  183  10:03  Drone  
  181  10:13  Hydralisk x5  
  181  10:14  Extractor  
  185  10:19  Seismic Spines  
  183  10:21  Drone x3  
  181  10:33  Spore Crawler, Drone x3  
  183  10:36  Drone x3  
  183  10:38  Lurker  
  183  10:39  Lurker  
  188  10:47  Drone  
  188  10:48  Drone  
  190  10:50  Spine Crawler  
  190  10:53  Hydralisk x4  
  190  10:56  Lurker  
  184  11:12  Drone x7  
  184  11:13  Drone  
  184  11:15  Overlord  
  192  11:19  Hatchery  
  192  11:20  Lurker  
  192  11:22  Overlord  
  188  11:25  Lurker x2  
  188  11:27  Viper  
  188  11:28  Spore Crawler  
  188  11:29  Overlord  
  190  11:33  Roach x2  
  194  11:48  Hydralisk x3  
  194  11:50  Overseer  
  185  12:13  Hatchery  
  185  12:14  Drone x3  
  187  12:16  Viper  
  188  12:29  Hydralisk x4  
  196  12:38  Hydralisk x2  
  198  12:44  Roach x2  
  200  13:03  Hydralisk x3  
  200  13:04  Hydralisk  
  195  13:08  Roach  
  158  13:19  Roach Warren  
Show
View Real Time Build Order
Export as new Build Order

Dark Zerg - Winner!

Build Orders: Hatch First, Muta Ling Bane 

Get SALT Encoding   

  12  0:00  Drone  
  13  0:13  Overlord  
  13  0:17  Drone  
  14  0:31  Drone x2  
  16  0:48  Hatchery  
  15  0:51  Drone  
  15  0:54  Drone  
  17  0:58  Drone  
  18  1:07  Extractor  
  17  1:13  Spawning Pool  
  17  1:15  Drone  
  17  1:19  Drone  
  18  1:28  Drone  
  19  1:39  Drone  
  20  1:53  Drone  
  21  2:00  Queen x2  
  25  2:02  Drone, Overlord  
  26  2:11  Drone  
  26  2:12  Drone  
  26  2:14  Metabolic Boost  
  28  2:21  Drone  
  29  2:23  Drone  
  30  2:33  Drone  
  30  2:35  Hatchery  
  30  2:41  Queen  
  32  2:48  Baneling Nest  
  32  2:51  Drone  
  32  2:53  Overlord  
  32  2:58  Zergling x4  
  33  3:01  Drone  
  35  3:11  Drone  
  37  3:12  Zergling x2  
  37  3:13  Zergling x2  
  37  3:14  Drone x2  
  37  3:17  Overlord  
  40  3:23  Drone x2  
  42  3:29  Drone x2  
  42  3:33  Overlord  
  44  3:39  Zergling x2  
  45  3:43  Zergling x4  
  45  3:44  Drone x3  
  45  3:45  Baneling  
  45  3:46  Baneling  
  45  3:47  Drone  
  51  3:53  Drone x3  
  54  3:58  Drone  
  54  3:59  Lair  
  54  4:00  Extractor  
  54  4:04  Drone x2  
  54  4:09  Overlord  
  56  4:10  Baneling  
  56  4:16  Zergling x4, Drone  
  56  4:17  Drone x2  
  61  4:19  Evolution Chamber, Overlord  
  61  4:20  Drone  
  61  4:21  Drone  
  62  4:25  Drone x2  
  62  4:28  Drone x2  
  66  4:34  Extractor  
  66  4:35  Extractor  
  66  4:37  Drone x2  
  66  4:38  Roach Warren  
  65  4:39  Drone  
  65  4:43  Drone  
  66  4:46  Overlord  
  66  4:48  Drone x3  
  66  4:50  Drone x2  
  66  4:51  Baneling x2  
  71  4:55  Drone x2  
  71  4:57  Zerg Melee Weapons Level 1  
  73  5:04  Drone  
  73  5:05  Drone  
  75  5:09  Spire  
  75  5:10  Drone  
  75  5:11  Extractor, Drone x3  
  75  5:12  Extractor  
  74  5:15  Zergling x6  
  74  5:16  Baneling  
  74  5:19  Drone  
  78  5:23  Drone  
  78  5:27  Drone  
  80  5:35  Drone x2  
  82  5:37  Overlord x2  
  81  5:45  Overlord  
  81  5:49  Zergling x16  
  89  5:50  Overlord  
  89  5:51  Hatchery  
  87  6:12  Overlord  
  87  6:20  Mutalisk x10  
  87  6:23  Drone  
  108  6:26  Zerg Flyer Weapons Level 1  
  108  6:30  Drone x3  
  111  6:35  Overlord  
  111  6:36  Overlord  
  111  6:37  Drone, Overlord  
  111  6:39  Drone x8  
  120  6:45  Centrifical Hooks  
  120  6:52  Overseer  
  120  6:53  Zerg Melee Weapons Level 2  
  120  6:54  Overlord  
  120  6:55  Drone x2  
  120  6:56  Extractor  
  120  6:58  Extractor  
  120  7:00  Mutalisk x2  
  124  7:08  Overlord  
  124  7:13  Queen  
  124  7:14  Hatchery  
  125  7:17  Mutalisk x2  
  125  7:20  Zergling x14, Baneling  
  125  7:21  Baneling  
  136  7:23  Mutalisk  
  138  7:31  Mutalisk  
  138  7:32  Mutalisk  
  138  7:35  Zergling x8  
  146  7:45  Mutalisk x2  
  146  7:46  Mutalisk  
  146  7:47  Zergling x12  
  146  7:48  Zergling x6  
  146  7:50  Baneling x4  
  160  7:55  Zergling x4  
  162  8:05  Zergling x8  
  166  8:07  Baneling  
  166  8:08  Baneling x9, Pneumatized Carapace  
  166  8:11  Baneling x5  
  166  8:13  Zergling x16  
  166  8:17  Zergling x2  
  175  8:23  Baneling x2  
  175  8:24  Baneling x5  
  175  8:30  Zergling x2  
  175  8:31  Zergling x10  
  176  8:37  Zergling x2  
  176  8:38  Overlord  
  176  8:40  Zergling x2, Infestation Pit  
  176  8:41  Zergling x12  
  178  8:51  Zergling x12  
  178  8:54  Baneling, Overlord x2  
  178  8:55  Baneling x22  
  181  8:56  Baneling x2  
  181  8:57  Baneling x2  
  181  8:58  Baneling  
  181  9:00  Baneling  
  181  9:01  Baneling x2  
  181  9:09  Baneling x8  
  166  9:21  Zergling x12  
  142  9:32  Zergling x28  
  142  9:36  Zerg Flyer Weapons Level 2  
  142  9:38  Drone x2  
  157  9:39  Hive  
  157  9:40  Mutalisk x3  
  157  9:43  Baneling x5  
  157  9:45  Baneling  
  163  9:52  Overseer  
  163  9:56  Overseer  
  163  9:58  Baneling x7  
  162  10:04  Zergling x2  
  162  10:05  Zergling x12  
  166  10:09  Drone x2  
  166  10:10  Drone x2  
  167  10:14  Baneling x4  
  167  10:15  Baneling x3  
  167  10:16  Zergling x18  
  172  10:26  Zergling x12  
  172  10:27  Zergling x6  
  181  10:29  Zergling x4  
  181  10:30  Zergling x6, Baneling  
  181  10:31  Baneling x3  
  181  10:33  Zergling x4  
  181  10:34  Zergling x2  
  189  10:39  Baneling x7  
  189  10:40  Baneling x5  
  189  10:43  Zerg Ground Armor Level 1, Drone  
  189  10:46  Evolution Chamber  
  189  10:47  Zergling x10  
  194  10:56  Adrenal Glands  
  194  10:57  Ultralisk Cavern  
  192  11:07  Zergling x18  
  193  11:12  Zergling x14  
  193  11:13  Baneling  
  193  11:14  Baneling x2  
  200  11:26  Baneling x16  
  200  11:27  Baneling x5  
  200  11:29  Baneling x2  
  199  11:34  Zergling x2  
  199  11:37  Zergling x4  
  200  11:45  Chitinous Plating  
  200  11:47  Baneling x2  
  200  11:48  Overseer x2, Baneling x3  
  200  11:54  Overlord  
  188  12:12  Ultralisk x2  
  188  12:14  Zergling x8, Ultralisk  
  188  12:15  Zergling x4  
  199  12:19  Overseer  
  199  12:20  Extractor  
  198  12:25  Overseer x2  
  198  12:28  Overlord  
  198  12:33  Drone  
  198  12:34  Extractor  
  197  12:52  Baneling x23  
  196  13:04  Anabolic Synthesis  
  188  13:08  Ultralisk  
  156  13:13  Ultralisk  
  156  13:15  Zergling x60  
  156  13:16  Zergling x2  
  185  13:20  Ultralisk  
  185  13:26  Zergling x4  
  183  13:28  Zergling x6  
  177  13:42  Zergling x8  
  177  13:47  Zergling x2  

Tags
 
Add a new tag
Caveats
  • Supply blocks, unpowered buildings, or Contaminate may cause inaccurate times.
  • Supply counts are checked every 10 seconds.